AoeStats
← darthfunk85

Black Forest

507974903Analyzed
4v4 RM · 11d ago on Sep 20, 2026· 49m 57s· 8 players
Game mode
Random Map
Map size
Large (8 player)
Population
200
Speed
Normal
Resources
Standard
Victory
Conquest
Starting age
Dark Age
Ending age
Imperial Age
RankedLock teamsTeams togetherTeam positionsShared explorationLock speedFull tech treeHidden civsTurbo modeCheats
Victory
Defeat
🇨🇳 Persians · China
820
+12
🇨🇳 Poles · China
707
+16
🇨🇳 Britons · China
686
+17
🇨🇳 Saracens · China
681
+19
🇿🇦 Berbers · South Africa
743
-17
🇺🇸 Goths · United States
726
-16
🇹🇷 Khmer · Türkiye
716
-16
🇲🇦 Bohemians · Morocco
693
-15
darthfunk85
2:05 Loom
18:57 Feudal Age
19:48 Man-at-Arms
21:20 Horse Collar
26:12 Double-Bit Axe
32:53 Castle Age
33:04 Scale Mail Armor
33:16 Forging
35:08 Squires
37:08 Wheelbarrow
37:43 Long Swordsman
39:02 Gold Mining
40:14 Heavy Plow
40:12 Stone Mining
41:55 Caravan
43:01 Bow Saw
46:32 Chain Mail Armor
46:53 Iron Casting
47:10 Pikeman
Ruhi TIĞLI
0:52 Loom
17:45 Feudal Age
18:33 Double-Bit Axe
21:56 Wheelbarrow
23:42 Forging
23:34 Scale Mail Armor
32:37 Castle Age
34:48 Horse Collar
35:19 Bow Saw
37:07 Caravan
37:52 Chain Mail Armor
39:13 Iron Casting
38:25 Pikeman
46:18 Imperial Age
45:05 Fletching
46:20 Murder Holes
46:21 Heavy Scorpion
47:04 Double Crossbow
47:24 Conscription
48:07 Chemistry
47:27 Ballistics
47:40 Fortified Wall
RancorXL
1:30 Loom
MONSTAR36
0:53 Loom
12:38 Feudal Age
14:20 Double-Bit Axe
14:50 Horse Collar
18:18 Wheelbarrow
23:55 Castle Age
25:27 Bow Saw
28:15 Heavy Plow
28:58 Pikeman
31:33 Hand Cart
31:26 Town Watch
36:02 Chemistry
35:37 Town Patrol
39:04 Squires
41:34 Imperial Age
40:32 Caravan
43:23 Two-Man Saw
42:57 Conscription
42:44 Wagenburg Tactics
42:47 Halberdier
45:25 Bombard Tower
46:46 Forging
46:37 Scale Mail Armor
令饼作呕
2:14 Loom
12:13 Feudal Age
12:42 Man-at-Arms
13:50 Double-Bit Axe
14:44 Horse Collar
15:48 Arson
16:25 Fletching
19:39 Forging
19:29 Scale Mail Armor
21:33 Padded Archer Armor
26:50 Castle Age
28:11 Bow Saw
27:46 Crossbowman
27:47 Elite Skirmisher
28:33 Squires
28:33 Stone Mining
31:58 Wheelbarrow
33:23 Heavy Plow
33:16 Treadmill Crane
33:02 Long Swordsman
34:54 Gold Mining
35:44 Husbandry
35:47 Bodkin Arrow
37:15 Hand Cart
39:15 Ballistics
41:40 Imperial Age
39:42 Leather Archer Armor
39:38 Scale Barding Armor
40:10 Gold Shaft Mining
39:49 Masonry
41:39 Iron Casting
42:43 Conscription
41:45 Cavalier
42:30 Bracer
44:10 Hoardings
44:53 Two-Man Saw
45:20 Chemistry
46:28 Chain Barding Armor
47:19 Blast Furnace
47:24 Ring Archer Armor
48:08 Caravan
49:14 Plate Barding Armor
48:30 Heavy Cavalry Archer
ZLinzzz
13:34 Feudal Age
14:21 Horse Collar
14:33 Stone Mining
14:31 Double-Bit Axe
23:10 Castle Age
22:41 Gold Mining
24:14 Caravan
24:57 Loom
24:44 Man-at-Arms
26:43 Bow Saw
27:02 Long Swordsman
30:34 Scale Mail Armor
32:29 Squires
32:15 Arson
35:32 Stone Shaft Mining
34:59 Heavy Plow
35:50 Pikeman
37:24 Szlachta Privileges
38:46 Wheelbarrow
40:09 Hand Cart
40:26 Hand Cart
48:34 Imperial Age
48:31 Husbandry
48:41 Bloodlines
49:36 Conscription
49:01 Treadmill Crane
49:32 Masonry
49:42 Ballistics
50:23 Chemistry
49:08 Arrowslits
49:19 Murder Holes
49:30 Siege Engineers
49:39 Forging
49:45 Chain Mail Armor
49:35 Scale Barding Armor
HBNUVHTFGHYHUGY
11:41 Feudal Age
17:47 Castle Age
23:01 Double-Bit Axe
23:14 Horse Collar
26:02 Wheelbarrow
26:08 Wheelbarrow
27:11 Bow Saw
27:05 Heavy Plow
28:50 Stone Mining
31:11 Hand Cart
31:18 Gold Mining
33:23 Gold Shaft Mining
36:00 Imperial Age
34:26 Ballistics
34:00 Loom
36:07 Elite Mameluke
37:08 Conscription
37:05 Scale Barding Armor
37:11 Forging
38:05 Chemistry
36:55 Onager
38:25 Husbandry
39:08 Bloodlines
40:33 Chain Barding Armor
40:48 Iron Casting
41:54 Two-Man Saw
43:27 Siege Onager
45:36 Plate Barding Armor
46:02 Blast Furnace
46:58 Counterweights
Iluvatar
1:38 Loom
11:12 Feudal Age
19:47 Castle Age
18:00 Double-Bit Axe
18:38 Horse Collar
21:09 Bow Saw
21:02 Heavy Plow
25:46 Gold Mining
25:47 Stone Mining
33:03 Imperial Age
31:11 Wheelbarrow
30:28 Town Watch
31:01 Forging
32:48 Iron Casting
32:19 Scale Barding Armor
32:05 Fletching
32:15 Padded Archer Armor
33:27 Hand Cart
33:14 Town Patrol
33:38 Ballistics
33:29 Masonry
34:37 Blast Furnace
34:43 Chemistry
33:58 Masonry
34:23 Crop Rotation
34:56 Two-Man Saw
34:34 Gold Shaft Mining
35:25 Conscription
35:06 Kamandaran
35:32 Chain Barding Armor
35:08 Bodkin Arrow
35:59 Bloodlines
35:13 Cavalier
36:04 Bloodlines
36:10 Husbandry
37:20 Savar
37:42 Elite War Elephant
38:35 Thumb Ring
38:01 Crossbowman
39:24 Plate Barding Armor
39:05 Leather Archer Armor
44:57 Ring Archer Armor
Connection lost

Rejoining the realm…

Still unreachable

The connection could not be restored.

Session expired

The server has moved on; the page needs a fresh start.